Workbook

Sheet Balance
A1: MINISTERIO DEL DEPORTE
A2: ESTADO DE SITUACIÓN FINANCIERA
A3: A 30 DE NOVIEMBRE DE 2020
A4: (Cifras expresadas en pesos colombianos sin decímales)
A5: Presentación a Nivel de Clasificación de Cuentas
A7: Cuenta | B7: ACTIVO | E7: Periodo Actual SD a 30/Nov/2020 | F7: Periodo Anterior SD a 30/Nov/2019 | G7: Var. % | I7: Cuenta | J7: PASIVO Y PATRIMONIO | M7: Periodo Actual SD a 30/Nov/2020 | N7: Periodo Anterior SD a 30/Nov/2019 | O7: Var. %
A9: 1 | B9: ACTIVO CORRIENTE | E9: =+E11+E15+E23+E27 -> 1.1613333e+11 | F9: =+F11+F15+F23+F27 -> 1.8244388e+11 | G9: =IFERROR((E9-F9)/E9,-100%) -> -0.57098638 | I9: 2 | J9: PASIVO CORRIENTE | M9: =+M11+M22+M27+M31 -> 8.2391021e+09 | N9: =+N11+N22+N27+N31 -> 1.7112089e+10 | O9: =IFERROR((M9-N9)/M9,-100%) -> -1.0769361
A11: 1.1 | B11: EFECTIVO Y EQUIVALENTES AL EFECTIVO | E11: =SUM(E12:E13) -> 42950544 | F11: =SUM(F12:F13) -> 143738053 | G11: =IFERROR((E11-F11)/E11,-100%) -> -2.3465945 | I11: 2.4 | J11: CUENTAS POR PAGAR | M11: =SUM(M12:M20) -> 6.9973605e+09 | N11: =SUM(N12:N20) -> 1.5466548e+10 | O11: =IFERROR((M11-N11)/M11,-100%) -> -1.2103403
A12: 1.1.05 | B12: CAJA | E12: =SUMIFS('NOV20'!$F$10:$F$665,'NOV20'!$A$10:$A$665,Balance!A12) -> 30000000 | F12: =SUMIFS('NOV19'!$F$10:$F$624,'NOV19'!$A$10:$A$624,Balance!A12) -> 0 | G12: =IFERROR((E12-F12)/E12,-100%) -> 1 | I12: 2.4.01 | J12: ADQUISICION DE BIENES Y SERVICIOS NACIONALES | M12: =SUMIFS('NOV20'!$F$10:$F$665,'NOV20'!$A$10:$A$665,Balance!I12) -> 6.6089654e+09 | N12: =SUMIFS('NOV19'!$F$10:$F$540,'NOV19'!$A$10:$A$540,Balance!I12) -> 1.4333332e+10 | O12: =IFERROR((M12-N12)/M12,-100%) -> -1.1687709
A13: 1.1.10 | B13: DEPÓSITOS EN INSTITUCIONES FINANCIERAS | E13: =SUMIFS('NOV20'!$F$10:$F$665,'NOV20'!$A$10:$A$665,Balance!A13) -> 12950544 | F13: =SUMIFS('NOV19'!$F$10:$F$624,'NOV19'!$A$10:$A$624,Balance!A13) -> 143738053 | G13: =IFERROR((E13-F13)/E13,-100%) -> -10.098997 | I13: 2.4.03 | J13: TRANSFERENCIAS POR PAGAR | M13: =SUMIFS('NOV20'!$F$10:$F$665,'NOV20'!$A$10:$A$665,Balance!I13) -> 0 | N13: =SUMIFS('NOV19'!$F$10:$F$540,'NOV19'!$A$10:$A$540,Balance!I13) -> 191767630 | O13: =IFERROR((M13-N13)/M13,-100%) -> -1
I14: 2.4.07 | J14: RECURSOS A FAVOR DE TERCEROS | M14: =SUMIFS('NOV20'!$F$10:$F$665,'NOV20'!$A$10:$A$665,Balance!I14) -> 1.5561734e+08 | N14: =SUMIFS('NOV19'!$F$10:$F$540,'NOV19'!$A$10:$A$540,Balance!I14) -> 7.144079e+08 | O14: =IFERROR((M14-N14)/M14,-100%) -> -3.5907989
A15: 1.3 | B15: CUENTAS POR COBRAR | E15: =SUM(E16:E21) -> 3.986774e+08 | F15: =SUM(F16:F21) -> 1.5784275e+10 | G15: =IFERROR((E15-F15)/E15,-100%) -> -38.591598 | I15: 2.4.24 | J15: DESCUENTOS DE NOMINA | M15: =SUMIFS('NOV20'!$F$10:$F$665,'NOV20'!$A$10:$A$665,Balance!I15) -> 749400 | N15: =SUMIFS('NOV19'!$F$10:$F$540,'NOV19'!$A$10:$A$540,Balance!I15) -> 16212507 | O15: =IFERROR((M15-N15)/M15,-100%) -> -20.633983
A16: 1.3.11 | B16: CONTRIBUCIONES TASAS E INGRESOS NO TRIBUTARIOS | E16: 0 | F16: =SUMIFS('NOV19'!$F$10:$F$624,'NOV19'!$A$10:$A$624,Balance!A16) -> 5.5476219e+09 | G16: =IFERROR((E16-F16)/E16,-100%) -> -1 | I16: 2.4.36 | J16: RETENCIÓN EN LA FUENTE E IMPUESTO DE TIMBRE | M16: =SUMIFS('NOV20'!$F$10:$F$665,'NOV20'!$A$10:$A$665,Balance!I16) -> 229405176 | N16: =SUMIFS('NOV19'!$F$10:$F$540,'NOV19'!$A$10:$A$540,Balance!I16) -> 1.9946527e+08 | O16: =IFERROR((M16-N16)/M16,-100%) -> 0.13051102
A17: 1.3.17 | B17: PRESTACIÓN DE SERVICIOS | E17: =SUMIFS('NOV20'!$F$10:$F$665,'NOV20'!$A$10:$A$665,Balance!A17) -> 0 | F17: =SUMIFS('NOV19'!$F$10:$F$624,'NOV19'!$A$10:$A$624,Balance!A17) -> 2381196.5 | G17: =IFERROR((E17-F17)/E17,-100%) -> -1 | I17: 2.4.40 | J17: IMPUESTOS, CONTRIBUCIONES Y TASAS | M17: =SUMIFS('NOV20'!$F$10:$F$665,'NOV20'!$A$10:$A$665,Balance!I17) -> 0 | N17: =SUMIFS('NOV19'!$F$10:$F$540,'NOV19'!$A$10:$A$540,Balance!I17) -> 0
A18: 1.3.37 | B18: TRANSFERENCIAS POR COBRAR | E18: =SUMIFS('NOV20'!$F$10:$F$665,'NOV20'!$A$10:$A$665,Balance!A18) -> 1.9723188e+08 | F18: =SUMIFS('NOV19'!$F$10:$F$624,'NOV19'!$A$10:$A$624,Balance!A18) -> 1.8544763e+08 | G18: =IFERROR((E18-F18)/E18,-100%) -> 0.059748168 | I18: 2.4.45 | J18: IMPUESTO AL VALOR AGREGADO - IVA | M18: =SUMIFS('NOV20'!$F$10:$F$665,'NOV20'!$A$10:$A$665,Balance!I18) -> 805 | N18: =SUMIFS('NOV19'!$F$10:$F$540,'NOV19'!$A$10:$A$540,Balance!I18) -> 11362613 | O18: =IFERROR((M18-N18)/M18,-100%) -> -14114.047
A19: 1.3.84 | B19: OTRAS CUENTAS POR COBRAR | E19: =+'NOV20'!F32+'NOV20'!F30 -> 201445523 | F19: =SUMIFS('NOV19'!$F$10:$F$624,'NOV19'!$A$10:$A$624,Balance!A19) -> 1.2010711e+10 | G19: =IFERROR((E19-F19)/E19,-100%) -> -58.622624 | I19: 2.4.60 | J19: CRÉDITOS JUDICIALES | M19: =SUMIFS('NOV20'!$F$10:$F$665,'NOV20'!$A$10:$A$665,Balance!I19) -> 0 | N19: =SUMIFS('NOV19'!$F$10:$F$540,'NOV19'!$A$10:$A$540,Balance!I19) -> 0 | O19: =IFERROR((M19-N19)/M19,-100%) -> -1
A20: 1.3.85 | B20: CUENTAS POR COBRAR DE DIFÍCIL RECAUDO | E20: 0 | F20: =SUMIFS('NOV19'!$F$10:$F$624,'NOV19'!$A$10:$A$624,Balance!A20) -> 1.084922e+09 | G20: =IFERROR((E39-F20)/E39,-100%) -> 0.531971 | I20: 2.4.90 | J20: OTRAS CUENTAS POR PAGAR | M20: =SUMIFS('NOV20'!$F$10:$F$665,'NOV20'!$A$10:$A$665,Balance!I20) -> 2622365 | N20: =SUMIFS('NOV19'!$F$10:$F$540,'NOV19'!$A$10:$A$540,Balance!I20) -> 0 | O20: =IFERROR((M20-N20)/M20,-100%) -> 1
A21: 1.3.86 | B21: DETERIORO ACUMULADO DE CUENTAS POR COBRAR (CR) | E21: 0 | F21: =SUMIFS('NOV19'!$F$10:$F$624,'NOV19'!$A$10:$A$624,Balance!A21) -> -3.0468082e+09 | G21: =IFERROR((E40-F21)/E40,-100%) -> 0.77489553
I22: 2.5 | J22: BENEFICIOS A LOS EMPLEADOS | M22: =SUM(M23:M25) -> 1241741597 | N22: =SUM(N23:N25) -> 1645540708 | O22: =IFERROR((M22-N22)/M22,-100%) -> -0.32518771
A23: 1.5 | B23: INVENTARIOS | E23: =SUM(E24:E25) -> 1.048061e+09 | F23: =+F25+F24 -> 6.8552821e+08 | G23: =IFERROR((E23-F23)/E23,-100%) -> 0.34590811 | I23: 2.5.11 | J23: BENEFICIOS A LOS EMPLEADOS A CORTO PLAZO | M23: =SUMIFS('NOV20'!$F$10:$F$665,'NOV20'!$A$10:$A$665,Balance!I23) -> 1241741597 | N23: =SUMIFS('NOV19'!$F$10:$F$540,'NOV19'!$A$10:$A$540,Balance!I23) -> 1645540708 | O23: =IFERROR((M23-N23)/M23,-100%) -> -0.32518771
A24: 1.5.14 | B24: MATERIALES Y SUMINISTROS | E24: =SUMIFS('NOV20'!$F$10:$F$665,'NOV20'!$A$10:$A$665,Balance!A24) -> 1.5195549e+09 | F24: =SUMIFS('NOV19'!$F$10:$F$624,'NOV19'!$A$10:$A$624,Balance!A24) -> 7.1009871e+08 | G24: =IFERROR((E24-F24)/E24,-100%) -> 0.53269297 | I24: 2.5.14 | J24: BENEFICIOS POSEMPLEO - PENSIONES | M24: 0 | N24: 0 | O24: =IFERROR((M24-N24)/M24,-100%) -> -1
A25: 1.5.80 | B25: DETERIORO ACUMULADO DE INVENTARIOS (CR) | E25: =SUMIFS('NOV20'!$F$10:$F$665,'NOV20'!$A$10:$A$665,Balance!A25) -> -4.7149392e+08 | F25: =SUMIFS('NOV19'!$F$10:$F$624,'NOV19'!$A$10:$A$624,Balance!A25) -> -24570500 | G25: =IFERROR((E25-F25)/E25,-100%) -> 0.94788798 | I25: 2.5.15 | J25: OTROS BENEFICIOS POSEMPLEO | M25: =SUMIFS('NOV20'!N23:N678,'NOV20'!I23:I678,Balance!I25) -> 0 | N25: =SUMIFS('NOV19'!$F$10:$F$540,'NOV19'!$A$10:$A$540,Balance!I25) -> 0 | O25: =IFERROR((M25-N25)/M25,-100%) -> -1
A27: 1.9 | B27: OTROS ACTIVOS | E27: =SUM(E28:E32) -> 1.1464364e+11 | F27: =SUM(F28:F32) -> 165830339795 | G27: =IFERROR((E27-F27)/E27,-100%) -> -0.44648527 | I27: 2.7 | J27: PROVISIONES | M27: =+M28 -> 0 | N27: =+N28 -> 0 | O27: =IFERROR((M27-N27)/M27,-100%) -> -1
A28: 1.9.05 | B28: BIENES Y SERVICIOS PAGADOS POR ANTICIPADO | E28: =SUMIFS('NOV20'!$F$10:$F$665,'NOV20'!$A$10:$A$665,Balance!A28) -> 329727122 | F28: =SUMIFS('NOV19'!$F$10:$F$624,'NOV19'!$A$10:$A$624,Balance!A28) -> 304077504 | G28: =IFERROR((E28-F28)/E28,-100%) -> 0.07779044 | I28: 2.7.01 | J28: LITIGIOS Y DEMANDAS | M28: 0 | N28: 0 | O28: =IFERROR((M28-N28)/M28,-100%) -> -1
A29: 1.9.06 | B29: AVANCES Y ANTICIPOS ENTREGADOS | E29: =SUMIFS('NOV20'!$F$10:$F$665,'NOV20'!$A$10:$A$665,Balance!A29) -> 62594375 | F29: =SUMIFS('NOV19'!$F$10:$F$624,'NOV19'!$A$10:$A$624,Balance!A29) -> 954798980 | G29: =IFERROR((E29-F29)/E29,-100%) -> -14.253751
A30: 1.9.07 | B30: DERECHOS DE COMPENSACIONES POR IMPUESTOS Y CONTRIBUCIONES | E30: =SUMIFS('NOV20'!$F$10:$F$665,'NOV20'!$A$10:$A$665,Balance!A30) -> 2957000 | F30: =SUMIFS('NOV19'!$F$10:$F$624,'NOV19'!$A$10:$A$624,Balance!A30) -> 0
A31: 1.9.08 | B31: RECURSOS ENTREGADOS EN ADMINISTRACIÓN | E31: =SUMIFS('NOV20'!$F$10:$F$665,'NOV20'!$A$10:$A$665,Balance!A31) -> 5.1806279e+10 | F31: =SUMIFS('NOV19'!$F$10:$F$624,'NOV19'!$A$10:$A$624,Balance!A31) -> 2.4766353e+10 | G31: =IFERROR((E31-F31)/E31,-100%) -> 0.52194302 | I31: 2.9 | J31: OTROS PASIVOS | M31: =+M32 -> 0 | N31: =+N32 -> 0 | O31: =IFERROR((M31-N31)/M31,-100%) -> -1
A32: 1.9.86 | B32: ACTIVOS DIFERIDOS | E32: =SUMIFS('NOV20'!$F$10:$F$665,'NOV20'!$A$10:$A$665,Balance!A32) -> 62442084357 | F32: =SUMIFS('NOV19'!$F$10:$F$624,'NOV19'!$A$10:$A$624,Balance!A32) -> 1.3980511e+11 | G32: =IFERROR((E32-F32)/E32,-100%) -> -1.2389565 | I32: 2.9.10 | J32: INGRESOS RECIBIDOS POR ANTICIPADO | M32: =SUMIFS('NOV20'!$F$10:$F$665,'NOV20'!$A$10:$A$665,Balance!I32) -> 0 | N32: =SUMIFS('NOV19'!$F$10:$F$540,'NOV19'!$A$10:$A$540,Balance!I32) -> 0 | O32: =IFERROR((M32-N32)/M32,-100%) -> -1
A34: 1 | B34: ACTIVO NO CORRIENTE | E34: =E36+E42 -> 1.1727697e+11 | F34: =+F42 -> 1.1436647e+11 | G34: =IFERROR((E34-F34)/E34,-100%) -> 0.024817246
I35: 2 | J35: PASIVO NO CORRIENTE | M35: =+M37+M40 -> 4.5903747e+10 | N35: =+N37+N40 -> 4.0580227e+10 | O35: =IFERROR((M35-N35)/M35,-100%) -> 0.11597137
A36: 1.3 | B36: CUENTAS POR COBRAR | E36: =SUM(E37:E40) -> 4.3044592e+08 | F36: =SUM(F37:F40) -> 0 | G36: =IFERROR((E36-F36)/E36,-100%) -> 1
A37: 1.3.11 | B37: CONTRIBUCIONES TASAS E INGRESOS NO TRIBUTARIOS | E37: =SUMIFS('NOV20'!$F$10:$F$665,'NOV20'!$A$10:$A$665,Balance!A37) -> 1623524710 | F37: 0 | G37: =IFERROR((E37-F37)/E37,-100%) -> 1 | I37: 2.5 | J37: BENEFICIOS A LOS EMPLEADOS | M37: =+M38 -> 1.8002331e+10 | N37: =+N38 -> 1.9380276e+10 | O37: =IFERROR((M37-N37)/M37,-100%) -> -0.076542619
A38: 1.3.84 | B38: OTRAS CUENTAS POR COBRAR | E38: =SUMIFS('NOV20'!$F$10:$F$665,'NOV20'!$A$10:$A$665,Balance!A38)-E19 -> 1.002394e+10 | F38: 0 | G38: =IFERROR((E38-F38)/E38,-100%) -> 1 | I38: 2.5.14 | J38: BENEFICIOS POSEMPLEO - PENSIONES | M38: =SUMIFS('NOV20'!$F$10:$F$665,'NOV20'!$A$10:$A$665,Balance!I38) -> 1.8002331e+10 | N38: =SUMIFS('NOV19'!$F$10:$F$540,'NOV19'!$A$10:$A$540,Balance!I38) -> 1.9380276e+10 | O38: =IFERROR((M38-N38)/M38,-100%) -> -0.076542619
A39: 1.3.85 | B39: CUENTAS POR COBRAR DE DIFÍCIL RECAUDO | E39: =SUMIFS('NOV20'!$F$10:$F$665,'NOV20'!$A$10:$A$665,Balance!A39) -> 2.3180658e+09 | F39: 0 | G39: =IFERROR((#REF!-F39)/#REF!,-100%) -> -1
A40: 1.3.86 | B40: DETERIORO ACUMULADO DE CUENTAS POR COBRAR (CR) | E40: =SUMIFS('NOV20'!$F$10:$F$665,'NOV20'!$A$10:$A$665,Balance!A40) -> -1.3535085e+10 | F40: 0 | G40: =IFERROR((#REF!-F40)/#REF!,-100%) -> -1 | I40: 2.7 | J40: PROVISIONES | M40: =+M41 -> 2.7901416e+10 | N40: =+N41 -> 2.119995e+10 | O40: =IFERROR((M40-N40)/M40,-100%) -> 0.24018372
I41: 2.7.01 | J41: LITIGIOS Y DEMANDAS | M41: =SUMIFS('NOV20'!$F$10:$F$665,'NOV20'!$A$10:$A$665,Balance!I41) -> 2.7901416e+10 | N41: =SUMIFS('NOV19'!$F$10:$F$540,'NOV19'!$A$10:$A$540,Balance!I41) -> 2.119995e+10 | O41: =IFERROR((M41-N41)/M41,-100%) -> 0.24018372
A42: 1.6 | B42: PROPIEDADES, PLANTA Y EQUIPO | E42: =SUM(E43:E53) -> 1.1684652e+11 | F42: =SUM(F43:F53) -> 1.1436647e+11 | G42: =IFERROR((E42-F42)/E42,-100%) -> 0.021224812
A43: 1.6.05 | B43: TERRENOS | E43: =SUMIFS('NOV20'!$F$10:$F$665,'NOV20'!$A$10:$A$665,Balance!A43) -> 28310678550 | F43: =SUMIFS('NOV19'!$F$10:$F$624,'NOV19'!$A$10:$A$624,Balance!A43) -> 28310678550 | G43: =IFERROR((E43-F43)/E43,-100%) -> 0
A44: 1.6.35 | B44: BIENES MUEBLES EN BODEGA | E44: =SUMIFS('NOV20'!$F$10:$F$665,'NOV20'!$A$10:$A$665,Balance!A44) -> 5.5957878e+08 | F44: =SUMIFS('NOV19'!$F$10:$F$624,'NOV19'!$A$10:$A$624,Balance!A44) -> 74832212 | G44: =IFERROR((E44-F44)/E44,-100%) -> 0.86627046 | I44: 3 | J44: PATRIMONIO | M44: =+M46 -> 1.7926745e+11 | N44: =+N46 -> 2.3911804e+11 | O44: =IFERROR((M44-N44)/M44,-100%) -> -0.33386202
A45: 1.6.36 | B45: PROPIEDADES, PLANTA Y EQUIPO EN MANTENIMIENTO | E45: =SUMIFS('NOV20'!$F$10:$F$665,'NOV20'!$A$10:$A$665,Balance!A45) -> 6.546534e+08 | F45: =SUMIFS('NOV19'!$F$10:$F$624,'NOV19'!$A$10:$A$624,Balance!A45) -> 5.3591417e+08 | G45: =IFERROR((E45-F45)/E45,-100%) -> 0.18137724
A46: 1.6.40 | B46: EDIFICACIONES | E46: =SUMIFS('NOV20'!$F$10:$F$665,'NOV20'!$A$10:$A$665,Balance!A46) -> 79843550851 | F46: =SUMIFS('NOV19'!$F$10:$F$624,'NOV19'!$A$10:$A$624,Balance!A46) -> 79843550851 | G46: =IFERROR((E46-F46)/E46,-100%) -> 0 | I46: 3.1 | J46: PATRIMONIO DE LAS ENTIDADES DE GOBIERNO | M46: =SUM(M47:M51) -> 1.7926745e+11 | N46: =SUM(N47:N53) -> 2.3911804e+11 | O46: =IFERROR((M46-N46)/M46,-100%) -> -0.33386202
A47: 1.6.55 | B47: MAQUINARIA Y EQUIPO | E47: =SUMIFS('NOV20'!$F$10:$F$665,'NOV20'!$A$10:$A$665,Balance!A47) -> 6.0578711e+09 | F47: =SUMIFS('NOV19'!$F$10:$F$624,'NOV19'!$A$10:$A$624,Balance!A47) -> 6.0578711e+09 | G47: =IFERROR((E47-F47)/E47,-100%) -> 0 | I47: 3.1.05 | J47: CAPITAL FISCAL | M47: =SUMIFS('NOV20'!$F$10:$F$665,'NOV20'!$A$10:$A$665,Balance!I47) -> 1.1244084e+10 | N47: =SUMIFS('NOV19'!$F$10:$F$540,'NOV19'!$A$10:$A$540,Balance!I47) -> 1.1244084e+10 | O47: =IFERROR((M47-N47)/M47,-100%) -> 0
A48: 1.6.60 | B48: EQUIPO MÉDICO Y CIENTÍFICO | E48: =SUMIFS('NOV20'!$F$10:$F$665,'NOV20'!$A$10:$A$665,Balance!A48) -> 1.6824165e+10 | F48: =SUMIFS('NOV19'!$F$10:$F$624,'NOV19'!$A$10:$A$624,Balance!A48) -> 1.1966942e+10 | G48: =IFERROR((E48-F48)/E48,-100%) -> 0.28870513 | I48: 3.1.09 | J48: RESULTADOS DE EJERCICIOS ANTERIORES | M48: =SUMIFS('NOV20'!$F$10:$F$665,'NOV20'!$A$10:$A$665,Balance!I48) -> 2.0051462e+10 | N48: =SUMIFS('NOV19'!$F$10:$F$540,'NOV19'!$A$10:$A$540,Balance!I48) -> 9.9628025e+10 | O48: =IFERROR((M48-N48)/M48,-100%) -> -3.9686164
A49: 1.6.65 | B49: MUEBLES, ENSERES Y EQUIPO DE OFICINA | E49: =SUMIFS('NOV20'!$F$10:$F$665,'NOV20'!$A$10:$A$665,Balance!A49) -> 8.3475033e+08 | F49: =SUMIFS('NOV19'!$F$10:$F$624,'NOV19'!$A$10:$A$624,Balance!A49) -> 8.4516855e+08 | G49: =IFERROR((E49-F49)/E49,-100%) -> -0.012480635 | I49: 3.1.10 | J49: RESULTADOS DEL EJERCICIO | M49: =+Resultados!H67 -> 1.4603007e+11 | N49: =+Resultados!I67 -> 1.2709572e+11 | O49: =IFERROR((M49-N49)/M49,-100%) -> 0.12966064
A50: 1.6.70 | B50: EQUIPOS DE COMUNICACIÓN Y COMPUTACIÓN | E50: =SUMIFS('NOV20'!$F$10:$F$665,'NOV20'!$A$10:$A$665,Balance!A50) -> 4.25784e+09 | F50: =SUMIFS('NOV19'!$F$10:$F$624,'NOV19'!$A$10:$A$624,Balance!A50) -> 3.8968859e+09 | G50: =IFERROR((E50-F50)/E50,-100%) -> 0.084773985 | I50: 3.1.45 | J50: IMPACTOS POR LA TRANSICIÓN AL NUEVO MARCO DE REGULACIÓN | M50: =SUMIFS('NOV20'!$F$10:$F$665,'NOV20'!$A$10:$A$665,Balance!I50) -> 0 | N50: =SUMIFS('NOV19'!$F$10:$F$540,'NOV19'!$A$10:$A$540,Balance!I50) -> 0 | O50: =IFERROR((M50-N50)/M50,-100%) -> -1
A51: 1.6.75 | B51: EQUIPOS DE TRANSPORTE, TRACCIÓN Y ELEVACIÓN | E51: =SUMIFS('NOV20'!$F$10:$F$665,'NOV20'!$A$10:$A$665,Balance!A51) -> 5.5633358e+08 | F51: =SUMIFS('NOV19'!$F$10:$F$624,'NOV19'!$A$10:$A$624,Balance!A51) -> 4.99216e+08 | G51: =IFERROR((E51-F51)/E51,-100%) -> 0.10266787 | I51: 3.1.51 | J51: GANANCIAS O PÉRDIDAS POR PLANES DE BENEFICIOS A LOS EMPLEADOS | M51: =SUMIFS('NOV20'!$F$10:$F$665,'NOV20'!$A$10:$A$665,Balance!I51) -> 1.9418272e+09 | N51: =SUMIFS('NOV19'!$F$10:$F$540,'NOV19'!$A$10:$A$540,Balance!I51) -> 1150210694 | O51: =IFERROR((M51-N51)/M51,-100%) -> 0.40766577
A52: 1.6.80 | B52: EQUIPOS DE COMEDOR, COCINA, DESPENSA Y HOTELERÍA | E52: =SUMIFS('NOV20'!$F$10:$F$665,'NOV20'!$A$10:$A$665,Balance!A52) -> 3.2559118e+08 | F52: =SUMIFS('NOV19'!$F$10:$F$624,'NOV19'!$A$10:$A$624,Balance!A52) -> 3.2559118e+08 | G52: =IFERROR((E52-F52)/E52,-100%) -> 0
A53: 1.6.85 | B53: DEPRECIACIÓN ACUMULADA DE PROPIEDADES, PLANTA Y EQUIPO (CR) | E53: =SUMIFS('NOV20'!$F$10:$F$665,'NOV20'!$A$10:$A$665,Balance!A53) -> -2.1378492e+10 | F53: =SUMIFS('NOV19'!$F$10:$F$624,'NOV19'!$A$10:$A$624,Balance!A53) -> -1.7990176e+10 | G53: =IFERROR((E53-F53)/E53,-100%) -> 0.15849184
B55: TOTAL ACTIVO | E55: =+E9+E34 -> 2.334103e+11 | F55: =+F9+F34 -> 2.9681036e+11 | G55: =IFERROR((E55-F55)/E55,-100%) -> -0.27162494 | J55: TOTAL PASIVO Y PATRIMONIO | M55: =+M9+M44+M35 -> 2.334103e+11 | N55: =+N9+N44+N35 -> 2.9681036e+11 | O55: =IFERROR((M55-N55)/M55,-100%) -> -0.27162494 | Q55: =+E55-M55 -> 0
M57: =+E55-M55 -> 0 | N57: =+N55-F55 -> 0
E60: =+E55-[1]AGO19!F10 -> -6.029358e+10 | F60: =+F55-[1]AGO18!F10 -> 2.8688429e+10 | M60: =+M55-E55 -> 0 | N60: =+N55-F55 -> 0
A61: Cuenta | B61: CUENTAS DE ORDEN DEUDORAS | E61: Periodo Actual SD a 30/Nov/2020 | F61: Periodo Anterior SD a 30/Nov/2019 | G61: Var. % | I61: Cuenta | J61: CUENTAS DE ORDEN ACREEDORAS | M61: Periodo Actual SD a 30/Nov/2020 | N61: Periodo Anterior SD a 30/Nov/2019 | O61: Var. %
A63: 8.1 | B63: ACTIVOS CONTINGENTES | E63: =+E64 -> 2.9455746e+09 | F63: =+F64 -> 2.9455746e+09 | G63: =IFERROR((E63-F63)/E63,-100%) -> 0 | I63: 9.1 | J63: PASIVOS CONTINGENTES | M63: =+M64 -> 1.4205635e+10 | N63: =SUMIFS('NOV19'!$F$10:$F$648,'NOV19'!$A$10:$A$648,Balance!I63) -> 1.4076989e+10 | O63: =IFERROR((M63-N63)/M63,-100%) -> 0.0090559903
A64: 8.1.20 | B64: LITIGIOS Y MECANISMOS ALTERNATIVOS DE SOLUCIÓN DE CONFLICTOS | E64: =SUMIFS('NOV20'!$F$10:$F$665,'NOV20'!$A$10:$A$665,Balance!A64) -> 2.9455746e+09 | F64: =SUMIFS('NOV19'!$F$10:$F$624,'NOV19'!$A$10:$A$624,Balance!A64) -> 2.9455746e+09 | G64: =IFERROR((E64-F64)/E64,-100%) -> 0 | I64: 9.1.20 | J64: LITIGIOS Y MECANISMOS ALTERNATIVOS DE SOLUCIÓN DE CONFLICTOS | M64: =SUMIFS('NOV20'!$F$10:$F$665,'NOV20'!$A$10:$A$665,Balance!I64) -> 1.4205635e+10 | N64: =SUMIFS('NOV19'!$F$10:$F$648,'NOV19'!$A$10:$A$648,Balance!I64) -> 1.4076989e+10 | O64: =IFERROR((M64-N64)/M64,-100%) -> 0.0090559903
A66: 8.3 | B66: DEUDORAS DE CONTROL | E66: =SUM(E67:E69) -> 1.1222835e+10 | F66: =SUM(F67:F69) -> 1.1222835e+10 | G66: =IFERROR((E66-F66)/E66,-100%) -> 0
A67: 8.3.15 | B67: BIENES Y DERECHOS RETIRADOS | E67: =SUMIFS('NOV20'!$F$10:$F$665,'NOV20'!$A$10:$A$665,Balance!A67) -> 8.9458856e+08 | F67: =SUMIFS('NOV19'!$F$10:$F$624,'NOV19'!$A$10:$A$624,Balance!A67) -> 8.9458856e+08 | G67: =IFERROR((E67-F67)/E67,-100%) -> 0 | I67: 9.9 | J67: ACREEDORAS POR CONTRA (DB) | M67: =+M68 -> -1.4205635e+10 | N67: =SUMIFS('NOV19'!$F$10:$F$648,'NOV19'!$A$10:$A$648,Balance!I67) -> -1.4076989e+10 | O67: =IFERROR((M67-N67)/M67,-100%) -> 0.0090559903
A68: 8.3.47 | B68: BIENES ENTREGADOS A TERCEROS | E68: =SUMIFS('NOV20'!$F$10:$F$665,'NOV20'!$A$10:$A$665,Balance!A68) -> 10315397550 | F68: =SUMIFS('NOV19'!$F$10:$F$624,'NOV19'!$A$10:$A$624,Balance!A68) -> 10315397550 | G68: =IFERROR((E68-F68)/E68,-100%) -> 0 | I68: 9.9.05 | J68: PASIVOS CONTINGENTES POR CONTRA (DB) | M68: =SUMIFS('NOV20'!$F$10:$F$665,'NOV20'!$A$10:$A$665,Balance!I68) -> -1.4205635e+10 | N68: =SUMIFS('NOV19'!$F$10:$F$648,'NOV19'!$A$10:$A$648,Balance!I68) -> -1.4076989e+10 | O68: =IFERROR((M68-N68)/M68,-100%) -> 0.0090559903
A69: 8.3.61 | B69: RESPONSABILIDADES EN PROCESO | E69: =SUMIFS('NOV20'!$F$10:$F$665,'NOV20'!$A$10:$A$665,Balance!A69) -> 12849300 | F69: =SUMIFS('NOV19'!$F$10:$F$648,'NOV19'!$A$10:$A$648,Balance!A69) -> 12849300 | G69: =IFERROR((E69-F69)/E69,-100%) -> 0
A71: 8.9 | B71: DEUDORAS POR CONTRA (CR) | E71: =SUM(E72:E73) -> -1.416841e+10 | F71: =SUMIFS('NOV19'!$F$10:$F$648,'NOV19'!$A$10:$A$648,Balance!A71) -> -1.416841e+10 | G71: =IFERROR((E71-F71)/E71,-100%) -> -1.3461981e-16
A72: 8.9.05 | B72: ACTIVOS CONTINGENTES POR CONTRA (CR) | E72: =SUMIFS('NOV20'!$F$10:$F$665,'NOV20'!$A$10:$A$665,Balance!A72) -> -2.9455746e+09 | F72: =SUMIFS('NOV19'!$F$10:$F$648,'NOV19'!$A$10:$A$648,Balance!A72) -> -2.9455746e+09 | G72: =IFERROR((E72-F72)/E72,-100%) -> 0
A73: 8.9.15 | B73: DEUDORAS DE CONTROL POR CONTRA (CR) | E73: =SUMIFS('NOV20'!$F$10:$F$665,'NOV20'!$A$10:$A$665,Balance!A73) -> -1.1222835e+10 | F73: =SUMIFS('NOV19'!$F$10:$F$648,'NOV19'!$A$10:$A$648,Balance!A73) -> -1.1222835e+10 | G73: =IFERROR((E73-F73)/E73,-100%) -> 0
A79: ERNESTO LUCENA BARRERO | F79: JAIME ARTURO GUERRA RODRÍGUEZ | M79: LUIS EDUARDO ROJAS FRANKY
A80: Ministro del Deporte | F80: Secretario General Ministerio del Deporte | M80: Contador Público Ministerio del Deporte
M81: TP. 29800 - T

Sheet Resultados
A1: MINISTERIO DEL DEPORTE
A2: ESTADO DE RESULTADOS
A3: A 30 DE NOVIEMBRE 2020
A4: (Cifras expresadas en pesos colombianos sin decímales)
A5: Presentación a Nivel de Clasificación de Cuentas
B8: Cuenta | C8: INGRESOS - GASTOS | H8: Periodo Actual SD a 30/Nov/2020 | I8: Periodo Anterior SD a 30/Nov/2019 | J8: Var. %
B10: 4 | C10: INGRESOS | H10: =+H12+H15+H18+H21+H26 -> 3.5937359e+11 | I10: =+I12+I15+I18+I21+I26 -> 3.7339608e+11 | J10: =IFERROR((H10-I10)/H10,-100%) -> -0.039019265 | L10: =+'NOV19'!F376 -> 3.7339608e+11 | M10: =+'NOV20'!F361 -> 3.5937359e+11
L11: =+I10-L10 -> 0 | M11: =+H10-M10 -> 0
B12: 4.1 | C12: INGRESOS FISCALES | H12: =+H13 -> 3.9538699e+08 | I12: =+I13 -> 1854900039 | J12: =IFERROR((H12-I12)/H12,-100%) -> -3.6913533
B13: 4.1.10 | C13: NO TRIBUTARIOS | H13: =SUMIFS('NOV20'!$F$10:$F$665,'NOV20'!$A$10:$A$665,Resultados!B13) -> 3.9538699e+08 | I13: =SUMIFS('NOV19'!$F$10:$F$624,'NOV19'!$A$10:$A$624,Resultados!B13) -> 1854900039 | J13: =IFERROR((H13-I13)/H13,-100%) -> -3.6913533
B15: 4.3 | C15: VENTA DE SERVICIOS | H15: =+H16 -> 39780 | I15: =+I16 -> 70273.5 | J15: =IFERROR((H15-I15)/H15,-100%) -> -0.76655354
B16: 4.3.90 | C16: OTROS SERVICIOS | H16: =SUMIFS('NOV20'!$F$10:$F$665,'NOV20'!$A$10:$A$665,Resultados!B16) -> 39780 | I16: =SUMIFS('NOV19'!$F$10:$F$540,'NOV19'!$A$10:$A$540,Resultados!B16) -> 70273.5 | J16: =IFERROR((H16-I16)/H16,-100%) -> -0.76655354
B18: 4.4 | C18: TRANSFERENCIAS Y SUBVENCIONES | H18: =+H19 -> 1.2675845e+08 | I18: =+I19 -> 3.4248237e+08 | J18: =IFERROR((H18-I18)/H18,-100%) -> -1.7018503
B19: 4.4.13 | C19: SISTEMA GENERAL DE REGALIAS | H19: =SUMIFS('NOV20'!$F$10:$F$665,'NOV20'!$A$10:$A$665,Resultados!B19) -> 1.2675845e+08 | I19: =SUMIFS('NOV19'!$F$10:$F$540,'NOV19'!$A$10:$A$540,Resultados!B19) -> 3.4248237e+08 | J19: =IFERROR((H19-I19)/H19,-100%) -> -1.7018503
B21: 4.7 | C21: OPERACIONES INTERISTITUCIONALES | H21: =SUM(H22:H24) -> 3.5222597e+11 | I21: =+I22+I24 -> 3.2894935e+11 | J21: =IFERROR((H21-I21)/H21,-100%) -> 0.066084325
B22: 4.7.05 | C22: FONDOS RECIBIDOS | H22: =SUMIFS('NOV20'!$F$10:$F$665,'NOV20'!$A$10:$A$665,Resultados!B22) -> 3.4846958e+11 | I22: =SUMIFS('NOV19'!$F$10:$F$624,'NOV19'!$A$10:$A$624,Resultados!B22) -> 3.2685578e+11 | J22: =IFERROR((H22-I22)/H22,-100%) -> 0.06202493
B23: 4.7.20 | C23: OPERACIONES DE ENLACE | H23: =SUMIFS('NOV20'!$F$10:$F$665,'NOV20'!$A$10:$A$665,Resultados!B23) -> 517919 | I23: =SUMIFS('NOV19'!$F$10:$F$624,'NOV19'!$A$10:$A$624,Resultados!B23) -> 0
B24: 4.7.22 | C24: OPERACIONES SIN FLUJO DE EFECTIVO | H24: =SUMIFS('NOV20'!$F$10:$F$665,'NOV20'!$A$10:$A$665,Resultados!B24) -> 3.7558669e+09 | I24: =SUMIFS('NOV19'!$F$10:$F$624,'NOV19'!$A$10:$A$624,Resultados!B24) -> 2093571085 | J24: =IFERROR((H24-I24)/H24,-100%) -> 0.44258645
B26: 4.8 | C26: OTROS INGRESOS | H26: =SUM(H27:H30) -> 6.6254345e+09 | I26: =SUM(I27:I30) -> 4.2249275e+10 | J26: =IFERROR((H26-I26)/H26,-100%) -> -5.3768309
B27: 4.8.02 | C27: FINANCIEROS | H27: =SUMIFS('NOV20'!$F$10:$F$665,'NOV20'!$A$10:$A$665,Resultados!B27) -> 1143010555 | I27: =SUMIFS('NOV19'!$F$10:$F$624,'NOV19'!$A$10:$A$624,Resultados!B27) -> 4.7790424e+09 | J27: =IFERROR((H27-I27)/H27,-100%) -> -3.1811009
B28: 4.8.06 | C28: AJUSTE POR DIFERENCIA EN CAMBIO | H28: =SUMIFS('NOV20'!$F$10:$F$665,'NOV20'!$A$10:$A$665,Resultados!B28) -> 72208762 | I28: =SUMIFS('NOV19'!$F$10:$F$624,'NOV19'!$A$10:$A$624,Resultados!B28) -> 58653080 | J28: =IFERROR((H28-I28)/H28,-100%) -> 0.18772905
B29: 4.8.08 | C29: INGRESOS DIVERSOS | H29: =SUMIFS('NOV20'!$F$10:$F$665,'NOV20'!$A$10:$A$665,Resultados!B29) -> 5.390605e+09 | I29: =SUMIFS('NOV19'!$F$10:$F$624,'NOV19'!$A$10:$A$624,Resultados!B29) -> 3.7399498e+10 | J29: =IFERROR((H29-I29)/H29,-100%) -> -5.9379036
B30: 4.8.30 | C30: REVERSIÓN DE LAS PÉRDIDAS POR DETERIORO DE VALOR | H30: =SUMIFS('NOV20'!$F$10:$F$665,'NOV20'!$A$10:$A$665,Resultados!B30) -> 19610210 | I30: =SUMIFS('NOV19'!$F$10:$F$540,'NOV19'!$A$10:$A$540,Resultados!B30) -> 12081784 | J30: =IFERROR((H30-I30)/H30,-100%) -> 0.3839034
B33: 5 | C33: GASTOS | H33: =+H35+H45+H50+H54+H57+H60 -> 2.1334351e+11 | I33: =+I35+I45+I50+I54+I57+I60 -> 2.4630036e+11 | J33: =IFERROR((H33-I33)/H33,-100%) -> -0.15447785 | L33: =+'NOV19'!F430 -> 2.4630036e+11 | M33: =+'NOV20'!F421 -> 2.1334351e+11
L34: =+I33-L33 -> 0 | M34: =+M33-H33 -> 0
B35: 5.1 | C35: DE ADMINISTRACIÓN Y OPERACIÓN | H35: =SUM(H36:H43) -> 2.1942273e+10 | I35: =SUM(I36:I43) -> 1.902592e+10 | J35: =IFERROR((H35-I35)/H35,-100%) -> 0.13291024
B36: 5.1.01 | C36: SUELDOS Y SALARIOS | H36: =SUMIFS('NOV20'!$F$10:$F$665,'NOV20'!$A$10:$A$665,Resultados!B36) -> 9651411298 | I36: =SUMIFS('NOV19'!$F$10:$F$624,'NOV19'!$A$10:$A$624,Resultados!B36) -> 8839159380 | J36: =IFERROR((H36-I36)/H36,-100%) -> 0.084158875
B37: 5.1.02 | C37: CONTRIBUCIONES IMPUTADAS | H37: =SUMIFS('NOV20'!$F$10:$F$665,'NOV20'!$A$10:$A$665,Resultados!B37) -> 14280886 | I37: =SUMIFS('NOV19'!$F$10:$F$624,'NOV19'!$A$10:$A$624,Resultados!B37) -> 16294407 | J37: =IFERROR((H37-I37)/H37,-100%) -> -0.14099412
B38: 5.1.03 | C38: CONTRIBUCIONES EFECTIVAS | H38: =SUMIFS('NOV20'!$F$10:$F$665,'NOV20'!$A$10:$A$665,Resultados!B38) -> 2408686837 | I38: =SUMIFS('NOV19'!$F$10:$F$624,'NOV19'!$A$10:$A$624,Resultados!B38) -> 2298721956 | J38: =IFERROR((H38-I38)/H38,-100%) -> 0.045653457
B39: 5.1.04 | C39: APORTES SOBRE LA NÓMINA | H39: =SUMIFS('NOV20'!$F$10:$F$665,'NOV20'!$A$10:$A$665,Resultados!B39) -> 505309000 | I39: =SUMIFS('NOV19'!$F$10:$F$624,'NOV19'!$A$10:$A$624,Resultados!B39) -> 471032260 | J39: =IFERROR((H39-I39)/H39,-100%) -> 0.067833227
B40: 5.1.07 | C40: PRESTACIONES SOCIALES | H40: =SUMIFS('NOV20'!$F$10:$F$665,'NOV20'!$A$10:$A$665,Resultados!B40) -> 3651487689 | I40: =SUMIFS('NOV19'!$F$10:$F$624,'NOV19'!$A$10:$A$624,Resultados!B40) -> 3108837323 | J40: =IFERROR((H40-I40)/H40,-100%) -> 0.14861076
B41: 5.1.08 | C41: GASTOS DE PERSONAL DIVERSOS | H41: =SUMIFS('NOV20'!$F$10:$F$665,'NOV20'!$A$10:$A$665,Resultados!B41) -> 0 | I41: =SUMIFS('NOV19'!$F$10:$F$540,'NOV19'!$A$10:$A$540,Resultados!B41) -> 102482062 | J41: =IFERROR((H41-I41)/H41,-100%) -> -1
B42: 5.1.11 | C42: GENERALES | H42: =SUMIFS('NOV20'!$F$10:$F$665,'NOV20'!$A$10:$A$665,Resultados!B42) -> 5.3641747e+09 | I42: =SUMIFS('NOV19'!$F$10:$F$624,'NOV19'!$A$10:$A$624,Resultados!B42) -> 3.7721203e+09 | J42: =IFERROR((H42-I42)/H42,-100%) -> 0.29679391
B43: 5.1.20 | C43: IMPUESTOS, CONTRIBUCIONES Y TASAS | H43: =SUMIFS('NOV20'!$F$10:$F$665,'NOV20'!$A$10:$A$665,Resultados!B43) -> 3.4692221e+08 | I43: =SUMIFS('NOV19'!$F$10:$F$624,'NOV19'!$A$10:$A$624,Resultados!B43) -> 417272085 | J43: =IFERROR((H43-I43)/H43,-100%) -> -0.20278286
B45: 5.3 | C45: DETERIORO, DEPRECIACIONES, AMORTIZACIONES Y PROVISIONES | H45: =H46+H47+H48 -> 9.8472854e+09 | I45: =I46+I47+I48 -> 6.1632034e+09 | J45: =IFERROR((H45-I45)/H45,-100%) -> 0.37412158
B46: 5.3.47 | C46: DETERIORO DE CUENTAS POR COBRAR | H46: =SUMIFS('NOV20'!$F$10:$F$665,'NOV20'!$A$10:$A$665,Resultados!B46) -> 72203842 | I46: =SUMIFS('NOV19'!$F$10:$F$624,'NOV19'!$A$10:$A$624,Resultados!B46) -> 59439864 | J46: =IFERROR((H46-I46)/H46,-100%) -> 0.17677699
B47: 5.3.60 | C47: DEPRECIACIÓN DE PROPIEDADES, PLANTA Y EQUIPO | H47: =SUMIFS('NOV20'!$F$10:$F$665,'NOV20'!$A$10:$A$665,Resultados!B47) -> 3.0983496e+09 | I47: =SUMIFS('NOV19'!$F$10:$F$624,'NOV19'!$A$10:$A$624,Resultados!B47) -> 3.1355755e+09 | J47: =IFERROR((H47-I47)/H47,-100%) -> -0.012014742
B48: 5.3.68 | C48: PROVISIÓN LITIGIOS Y DEMANDAS | H48: =SUMIFS('NOV20'!$F$10:$F$665,'NOV20'!$A$10:$A$665,Resultados!B48) -> 6676731972 | I48: =SUMIFS('NOV19'!$F$10:$F$624,'NOV19'!$A$10:$A$624,Resultados!B48) -> 2.9681881e+09 | J48: =IFERROR((H48-I48)/H48,-100%) -> 0.55544298
B50: 5.4 | C50: TRANSFERENCIAS Y SUBVENCIONES | H50: =+H51+H52 -> 4.7708467e+10 | I50: =+I51+I52 -> 6.89126e+10 | J50: =IFERROR((H50-I50)/H50,-100%) -> -0.44445221
B51: 5.4.23 | C51: OTRAS TRANSFERENCIAS | H51: =SUMIFS('NOV20'!$F$10:$F$665,'NOV20'!$A$10:$A$665,Resultados!B51) -> 4.7708467e+10 | I51: =SUMIFS('NOV19'!$F$10:$F$624,'NOV19'!$A$10:$A$624,Resultados!B51) -> 6.89126e+10 | J51: =IFERROR((H51-I51)/H51,-100%) -> -0.44445221
B52: 5.4.24 | C52: SUBVENCIONES | H52: =SUMIFS('NOV20'!$F$10:$F$665,'NOV20'!$A$10:$A$665,Resultados!B52) -> 0 | I52: =SUMIFS('NOV19'!$F$10:$F$624,'NOV19'!$A$10:$A$624,Resultados!B52) -> 0 | J52: =IFERROR((H52-I52)/H52,-100%) -> -1
B54: 5.5 | C54: GASTO PÚBLICO SOCIAL | H54: =+H55 -> 1.2715623e+11 | I54: =+I55 -> 1.1766094e+11 | J54: =IFERROR((H54-I54)/H54,-100%) -> 0.074674138
B55: 5.5.05 | C55: RECREACIÓN Y DEPORTE | H55: =SUMIFS('NOV20'!$F$10:$F$665,'NOV20'!$A$10:$A$665,Resultados!B55) -> 1.2715623e+11 | I55: =SUMIFS('NOV19'!$F$10:$F$624,'NOV19'!$A$10:$A$624,Resultados!B55) -> 1.1766094e+11 | J55: =IFERROR((H55-I55)/H55,-100%) -> 0.074674138
B57: 5.7 | C57: OPERACIONES INTERISTITUCIONALES | H57: =+H58 -> 6.6759845e+09 | I57: =+I58 -> 3.194975e+10 | J57: =IFERROR((H57-I57)/H57,-100%) -> -3.7857736
B58: 5.7.20 | C58: OPERACIONES DE ENLACE | H58: =SUMIFS('NOV20'!$F$10:$F$665,'NOV20'!$A$10:$A$665,Resultados!B58) -> 6.6759845e+09 | I58: =SUMIFS('NOV19'!$F$10:$F$624,'NOV19'!$A$10:$A$624,Resultados!B58) -> 3.194975e+10 | J58: =IFERROR((H58-I58)/H58,-100%) -> -3.7857736
B60: 5.8 | C60: OTROS GASTOS | H60: =SUM(H61:H65) -> 13278360 | I60: =SUM(I61:I65) -> 2.5879423e+09
B61: 5.8.02 | C61: COMISIONES | H61: =SUMIFS('NOV20'!$F$10:$F$665,'NOV20'!$A$10:$A$665,Resultados!B61) -> 0 | I61: =SUMIFS('NOV19'!$F$10:$F$624,'NOV19'!$A$10:$A$624,Resultados!B61) -> 58297254 | J61: =IFERROR((H61-I61)/H61,-100%) -> -1
B62: 5.8.03 | C62: AJUSTE POR DIFERENCIA EN CAMBIO | H62: =SUMIFS('NOV20'!$F$10:$F$665,'NOV20'!$A$10:$A$665,Resultados!B62) -> 0 | I62: =SUMIFS('NOV19'!$F$10:$F$624,'NOV19'!$A$10:$A$624,Resultados!B62) -> 129987.56 | J62: =IFERROR((H62-I62)/H62,-100%) -> -1
B63: 5.8.04 | C63: FINANCIEROS | H63: =SUMIFS('NOV20'!$F$10:$F$665,'NOV20'!$A$10:$A$665,Resultados!B63) -> 4970272.6 | I63: =SUMIFS('NOV19'!$F$10:$F$624,'NOV19'!$A$10:$A$624,Resultados!B63) -> 2.5289968e+09 | J63: =IFERROR((H63-I63)/H63,-100%) -> -507.82457
B64: 5.8.90 | C64: GASTOS DIVERSOS | H64: =SUMIFS('NOV20'!$F$10:$F$665,'NOV20'!$A$10:$A$665,Resultados!B64) -> 8308087.9 | I64: =SUMIFS('NOV19'!$F$10:$F$624,'NOV19'!$A$10:$A$624,Resultados!B64) -> 518248 | J64: =IFERROR((H64-I64)/H64,-100%) -> 0.93762127
B65: 5.8.95 | C65: DEVOLUCIONES, REBAJAS Y DESCUENTOS EN VENTA DE SERVICIOS | H65: =SUMIFS('NOV20'!$F$10:$F$665,'NOV20'!$A$10:$A$665,Resultados!B65) -> 0 | I65: =SUMIFS('NOV19'!$F$10:$F$624,'NOV19'!$A$10:$A$624,Resultados!B65) -> 0 | J65: =IFERROR((H65-I65)/H65,-100%) -> -1
C67: RESULTADO DEL EJERCICIO | H67: =H10-H33 -> 1.4603007e+11 | I67: =I10-I33 -> 1.2709572e+11
A73: ERNESTO LUCENA BARRERO | E73: JAIME ARTURO GUERRA RODRÍGUEZ | I73: LUIS EDUARDO ROJAS FRANKY
A74: Ministro del Deporte | E74: Secretario General Ministerio del Deporte | I74: Contador Público Ministerio del Deporte
I75: TP. 29800 - T
G80: Documento Original Firmado

Sheet NOV19
A2: Informacion_1 | B2: Informacion_2
A3: Codigo de Consolidacion | B3: 024800000
A4: Descripcion | B4: DEPARTAMENTO ADMINISTRATIVO DEL DEPORTE, LA RECREACION, LA ACTIVIDAD FISICA Y EL APROVECHAMIENTO DEL TIEMPO LIBRE - COLDEPORTES
A5: Fecha | B5: 2020-12-28 10:08:22
A6: Fecha Inicial Periodo Inicial | B6: 2019-01-01 00:00:00
A7: Fecha Final Periodo Final | B7: 2019-11-30 00:00:00
A9: Codigo | B9: Descripcion | C9: Saldo Inicial | D9: Movimientos Debito | E9: Movimientos Credito | F9: Saldo Final
A10: 1 | B10: ACTIVOS | C10: 2.0439044e+11 | D10: 3.8766992e+11 | E10: 2.9525001e+11 | F10: 2.9681036e+11 | G10: =+Balance!F55 -> 2.9681036e+11 | H10: =+F10-G10 -> 0
A11: 1.1 | B11: EFECTIVO Y EQUIVALENTES AL EFECTIVO | C11: 50705228 | D11: 6.7591934e+09 | E11: 6.6661606e+09 | F11: 143738053
A12: 1.1.10 | B12: DEPÓSITOS EN INSTITUCIONES FINANCIERAS | C12: 50705228 | D12: 6.7591934e+09 | E12: 6.6661606e+09 | F12: 143738053
A13: 1.1.10.05 | B13: Cuenta corriente | C13: 50705228 | D13: 6.7591934e+09 | E13: 6.6661606e+09 | F13: 143738053
A14: 1.1.10.05.001 | B14: Cuenta corriente | C14: 50705228 | D14: 6.7591934e+09 | E14: 6.6661606e+09 | F14: 143738053
A15: 1.3 | B15: CUENTAS POR COBRAR | C15: 1.6130044e+10 | D15: 5.3308997e+10 | E15: 5.3654766e+10 | F15: 1.5784275e+10
A16: 1.3.11 | B16: CONTRIBUCIONES TASAS E INGRESOS NO TRIBUTARIOS | C16: 3.7084466e+09 | D16: 1.8956717e+09 | E16: 56496504 | F16: 5.5476219e+09
A17: 1.3.11.04 | B17: Sanciones | C17: 3.7084466e+09 | D17: 1.8956717e+09 | E17: 56496504 | F17: 5.5476219e+09
A18: 1.3.11.04.004 | B18: Disciplinarias | C18: 0 | D18: 40112643 | E18: 40112643 | F18: 0
A19: 1.3.11.04.007 | B19: Administrativas y fiscales | C19: 7.1249439e+08 | D19: 4687452 | E19: 3459004.8 | F19: 7.1372284e+08
A20: 1.3.11.04.008 | B20: Sanciones | C20: 2995952236 | D20: 1850871642 | E20: 12924856 | F20: 4833899022
A21: 1.3.17 | B21: PRESTACIÓN DE SERVICIOS | C21: 5914545 | D21: 8588453.2 | E21: 12121802 | F21: 2381196.5
A22: 1.3.17.26 | B22: Recreativos, culturales, y deportivos | C22: 5914545 | D22: 8588453.2 | E22: 12121802 | F22: 2381196.5
... A199: 1.9.86.05.001 | B199: Gasto diferido por subvenciones condicionadas | C199: 411000000 | D199: 8.4451526e+10 | E199: 5.3667119e+10 | F199: 3.1195407e+10
A200: 2 | B200: PASIVOS | C200: 9.59649e+10 | D200: 3.3826955e+11 | E200: 2.9999697e+11 | F200: 5.7692316e+10 | G200: =+Balance!N9 -> 1.7112089e+10 | H200: =+Balance!N35 -> 4.0580227e+10 | I200: =+G200+H200 -> 5.7692316e+10 | J200: =+F200-I200 -> 0
A201: 2.4 | B201: CUENTAS POR PAGAR | C201: 45427926734 | D201: 3.1259383e+11 | E201: 2.8263245e+11 | F201: 1.5466548e+10
A202: 2.4.01 | B202: ADQUISICION DE BIENES Y SERVICIOS NACIONALES | C202: 4.4541645e+10 | D202: 2.8936166e+11 | E202: 2.5915335e+11 | F202: 1.4333332e+10
A203: 2.4.01.01 | B203: Bienes y servicios | C203: 163689288 | D203: 2.5960118e+08 | E203: 1.4624029e+08 | F203: 50328399
A204: 2.4.01.01.001 | B204: Bienes y servicios | C204: 163689288 | D204: 2.5960118e+08 | E204: 1.4624029e+08 | F204: 50328399
A205: 2.4.01.02 | B205: Proyectos de inversion | C205: 4.4377956e+10 | D205: 289102060617 | E205: 2.5900711e+11 | F205: 14283003821
A206: 2.4.01.02.001 | B206: Proyectos de inversión | C206: 4.4377956e+10 | D206: 289102060617 | E206: 2.5900711e+11 | F206: 14283003821
A207: 2.4.03 | B207: TRANSFERENCIAS POR PAGAR | C207: 107044764 | D207: 1.4610641e+10 | E207: 1.4695364e+10 | F207: 191767630
A208: 2.4.03.15 | B208: Otras transferencias | C208: 107044764 | D208: 1.4610641e+10 | E208: 1.4695364e+10 | F208: 191767630
A209: 2.4.03.15.001 | B209: Otras transferencias | C209: 107044764 | D209: 1.4610641e+10 | E209: 1.4695364e+10 | F209: 191767630
A210: 2.4.07 | B210: RECURSOS A FAVOR DE TERCEROS | C210: 1.3496989e+08 | D210: 1.0472502e+08 | E210: 6.8416303e+08 | F210: 7.144079e+08
A211: 2.4.07.06 | B211: Cobro cartera de terceros | C211: 8000218 | D211: 33117677 | E211: 29775772 | F211: 4658313
A212: 2.4.07.06.001 | B212: Cobro cartera de terceros | C212: 8000218 | D212: 29996972 | E212: 25531324 | F212: 3534570
... A338: 2.9.10.07.002 | B338: Ventas de servicios | C338: 16672419 | D338: 16672419 | E338: 0 | F338: 0
A339: 3 | B339: PATRIMONIO | C339: 1.0842554e+11 | D339: 1.7692805e+11 | E339: 1.8052483e+11 | F339: 1.1202232e+11 | G339: =+Balance!N44 -> 2.3911804e+11 | H339: =+Resultados!I67 -> 1.2709572e+11 | I339: =+G339-H339 -> 1.1202232e+11 | J339: =+F339-I339 -> 0
A340: 3.1 | B340: PATRIMONIO DE LAS ENTIDADES DE GOBIERNO | C340: 1.0842554e+11 | D340: 1.7692805e+11 | E340: 1.8052483e+11 | F340: 1.1202232e+11
A341: 3.1.05 | B341: CAPITAL FISCAL | C341: 1.1244084e+10 | D341: 0 | E341: 0 | F341: 1.1244084e+10
A342: 3.1.05.06 | B342: Capital fiscal | C342: 1.1244084e+10 | D342: 0 | E342: 0 | F342: 1.1244084e+10
A343: 3.1.05.06.001 | B343: Capital fiscal nación | C343: 1.1244084e+10 | D343: 0 | E343: 0 | F343: 1.1244084e+10
A344: 3.1.09 | B344: RESULTADOS DE EJERCICIOS ANTERIORES | C344: 8.4619314e+09 | D344: 4.787507e+10 | E344: 1.3904116e+11 | F344: 9.9628025e+10
A345: 3.1.09.01 | B345: Utilidad o excedentes acumulados | C345: 8.4619314e+09 | D345: 4.7874686e+10 | E345: 1.3904078e+11 | F345: 9.9628025e+10
A346: 3.1.09.01.001 | B346: Utilidad o excedentes acumulados | C346: 0 | D346: 6.7152935e+08 | E346: 8.8240843e+10 | F346: 8.7569314e+10
A347: 3.1.09.01.002 | B347: Correción de errores de un periodo contable anterior | C347: 8.4619314e+09 | D347: 47203156238 | E347: 5.0799936e+10 | F347: 1.2058711e+10
A348: 3.1.09.02 | B348: Pérdidas o déficits acumulados | C348: 0 | D348: 384614 | E348: 384614 | F348: 0
A349: 3.1.09.02.002 | B349: Correción de errores de un periodo contable anterior | C349: 0 | D349: 384614 | E349: 384614 | F349: 0
A350: 3.1.10 | B350: RESULTADO DEL EJERCICIO | C350: 3.344317e+10 | D350: 3.4114699e+10 | E350: 6.7152935e+08 | F350: 0
A351: 3.1.10.01 | B351: Utilidad o excedente del ejercicio | C351: 3.344317e+10 | D351: 3.4114699e+10 | E351: 6.7152935e+08 | F351: 0
... A610: 8 | B610: CUENTAS DE ORDEN DEUDORAS | C610: 0 | D610: 0 | E610: 0 | F610: 0
A611: 8.1 | B611: ACTIVOS CONTINGENTES | C611: 2.9455746e+09 | D611: 0 | E611: 0 | F611: 2.9455746e+09 | G611: =+Balance!F63 -> 2.9455746e+09 | H611: =+F611-G611 -> 0
A612: 8.1.20 | B612: LITIGIOS Y MECANISMOS ALTERNATIVOS DE SOLUCIÓN DE CONFLICTOS | C612: 2.9455746e+09 | D612: 0 | E612: 0 | F612: 2.9455746e+09
A613: 8.1.20.04 | B613: Administrativas | C613: 2.9455746e+09 | D613: 0 | E613: 0 | F613: 2.9455746e+09
A614: 8.1.20.04.001 | B614: Administrativas | C614: 2.9455746e+09 | D614: 0 | E614: 0 | F614: 2.9455746e+09
A615: 8.3 | B615: DEUDORAS DE CONTROL | C615: 1.1222835e+10 | D615: 0 | E615: 0 | F615: 1.1222835e+10 | G615: =+Balance!F66 -> 1.1222835e+10 | H615: =+F615-G615 -> 0
A616: 8.3.15 | B616: BIENES Y DERECHOS RETIRADOS | C616: 8.9458856e+08 | D616: 0 | E616: 0 | F616: 8.9458856e+08
A617: 8.3.15.10 | B617: Propiedades, planta y equipo | C617: 8.9458856e+08 | D617: 0 | E617: 0 | F617: 8.9458856e+08
A618: 8.3.15.10.001 | B618: Propiedades, planta y equipo | C618: 8.9458856e+08 | D618: 0 | E618: 0 | F618: 8.9458856e+08
A619: 8.3.47 | B619: BIENES ENTREGADOS A TERCEROS | C619: 10315397550 | D619: 0 | E619: 0 | F619: 10315397550
A620: 8.3.47.04 | B620: Propiedades, planta y equipo | C620: 10315397550 | D620: 0 | E620: 0 | F620: 10315397550
A621: 8.3.47.04.001 | B621: Propiedades, planta y equipo | C621: 10315397550 | D621: 0 | E621: 0 | F621: 10315397550
A622: 8.3.61 | B622: RESPONSABILIDADES EN PROCESO | C622: 12849300 | D622: 0 | E622: 0 | F622: 12849300
A623: 8.3.61.02 | B623: Ante autoridad competente | C623: 12849300 | D623: 0 | E623: 0 | F623: 12849300
A624: 8.3.61.02.001 | B624: Ante autoridad competente | C624: 12849300 | D624: 0 | E624: 0 | F624: 12849300
A625: 8.9 | B625: DEUDORAS POR CONTRA (CR) | C625: -1.416841e+10 | D625: 0 | E625: 0 | F625: -1.416841e+10 | G625: =+Balance!F71 -> -1.416841e+10 | H625: =+F625-G625 -> 0
A626: 8.9.05 | B626: ACTIVOS CONTINGENTES POR CONTRA (CR) | C626: -2.9455746e+09 | D626: 0 | E626: 0 | F626: -2.9455746e+09
A627: 8.9.05.06 | B627: Litigios y mecanismos alternativos de solución de conflictos | C627: -2.9455746e+09 | D627: 0 | E627: 0 | F627: -2.9455746e+09
A628: 8.9.05.06.001 | B628: Litigios y mecanismos alternativos de solución de conflictos | C628: -2.9455746e+09 | D628: 0 | E628: 0 | F628: -2.9455746e+09
A629: 8.9.15 | B629: DEUDORAS DE CONTROL POR CONTRA (CR) | C629: -1.1222835e+10 | D629: 0 | E629: 0 | F629: -1.1222835e+10
A630: 8.9.15.02 | B630: Bienes entregados en custodia | C630: -10278797550 | D630: 0 | E630: 0 | F630: -10278797550
A631: 8.9.15.02.001 | B631: Bienes entregados en custodia | C631: -10278797550 | D631: 0 | E631: 0 | F631: -10278797550
A632: 8.9.15.06 | B632: Bienes y derechos retirados | C632: -8.9458856e+08 | D632: 0 | E632: 0 | F632: -8.9458856e+08
A633: 8.9.15.06.001 | B633: Bienes y derechos retirados | C633: -8.9458856e+08 | D633: 0 | E633: 0 | F633: -8.9458856e+08
A634: 8.9.15.18 | B634: Bienes entregados a terceros | C634: -36600000 | D634: 0 | E634: 0 | F634: -36600000
A635: 8.9.15.18.001 | B635: Bienes entregados a terceros | C635: -36600000 | D635: 0 | E635: 0 | F635: -36600000
A636: 8.9.15.21 | B636: Responsabilidades en proceso | C636: -12849300 | D636: 0 | E636: 0 | F636: -12849300
A637: 8.9.15.21.001 | B637: Responsabilidades en proceso | C637: -12849300 | D637: 0 | E637: 0 | F637: -12849300
A638: 9 | B638: CUENTAS DE ORDEN ACREEDORAS | C638: 0 | D638: 9.4025525e+09 | E638: 9.4025525e+09 | F638: 0
A639: 9.1 | B639: PASIVOS CONTINGENTES | C639: 5.1289199e+09 | D639: 2.2724154e+08 | E639: 9.1753109e+09 | F639: 1.4076989e+10 | G639: =+Balance!N63 -> 1.4076989e+10 | H639: =+F639-G639 -> 0
A640: 9.1.20 | B640: LITIGIOS Y MECANISMOS ALTERNATIVOS DE SOLUCIÓN DE CONFLICTOS | C640: 5.1289199e+09 | D640: 2.2724154e+08 | E640: 9.1753109e+09 | F640: 1.4076989e+10
A641: 9.1.20.02 | B641: Laborales | C641: 1.6102398e+08 | D641: 0 | E641: 40956642 | F641: 201980622
A642: 9.1.20.02.001 | B642: Laborales | C642: 1.6102398e+08 | D642: 0 | E642: 40956642 | F642: 201980622
A643: 9.1.20.04 | B643: Administrativos | C643: 4.9678959e+09 | D643: 2.2724154e+08 | E643: 9.1343543e+09 | F643: 1.3875009e+10
A644: 9.1.20.04.001 | B644: Administrativos | C644: 4.9678959e+09 | D644: 2.2724154e+08 | E644: 9.1343543e+09 | F644: 1.3875009e+10
A645: 9.9 | B645: ACREEDORAS POR CONTRA (DB) | C645: -5.1289199e+09 | D645: 9.1753109e+09 | E645: 2.2724154e+08 | F645: -1.4076989e+10 | G645: =+Balance!N67 -> -1.4076989e+10 | H645: =+F645-G645 -> 0
A646: 9.9.05 | B646: PASIVOS CONTINGENTES POR CONTRA (DB) | C646: -5.1289199e+09 | D646: 9.1753109e+09 | E646: 2.2724154e+08 | F646: -1.4076989e+10
A647: 9.9.05.05 | B647: Litigios y mecanismos alternativos de solución de conflictos | C647: -5.1289199e+09 | D647: 9.1753109e+09 | E647: 2.2724154e+08 | F647: -1.4076989e+10
A648: 9.9.05.05.001 | B648: Litigios y mecanismos alternativos de solución de conflictos | C648: -5.1289199e+09 | D648: 9.1753109e+09 | E648: 2.2724154e+08 | F648: -1.4076989e+10

Sheet NOV20
A2: Informacion_1 | B2: Informacion_2
A3: Codigo de Consolidacion | B3: 024800000
A4: Descripcion | B4: DEPARTAMENTO ADMINISTRATIVO DEL DEPORTE, LA RECREACION, LA ACTIVIDAD FISICA Y EL APROVECHAMIENTO DEL TIEMPO LIBRE - COLDEPORTES
A5: Fecha | B5: 2020-12-28 10:02:06
A6: Fecha Inicial Periodo Inicial | B6: 2020-01-01 00:00:00
A7: Fecha Final Periodo Final | B7: 2020-11-30 00:00:00
A9: Codigo | B9: Descripcion | C9: Saldo Inicial | D9: Movimientos Debito | E9: Movimientos Credito | F9: Saldo Final
A10: 1 | B10: ACTIVOS | C10: 1.5904432e+11 | D10: 1.9770182e+11 | E10: 1.2333585e+11 | F10: 2.334103e+11 | G10: =+Balance!E55 -> 2.334103e+11 | H10: =+F10-G10 -> 0
A11: 1.1 | B11: EFECTIVO Y EQUIVALENTES AL EFECTIVO | C11: 1.6212465e+08 | D11: 6.1911046e+09 | E11: 6.3102787e+09 | F11: 42950544
A12: 1.1.05 | B12: CAJA | C12: 0 | D12: 30000000 | E12: 0 | F12: 30000000
A13: 1.1.05.02 | B13: Caja menor | C13: 0 | D13: 30000000 | E13: 0 | F13: 30000000
A14: 1.1.05.02.002 | B14: Cuenta corriente | C14: 0 | D14: 30000000 | E14: 0 | F14: 30000000
A15: 1.1.10 | B15: DEPÓSITOS EN INSTITUCIONES FINANCIERAS | C15: 1.6212465e+08 | D15: 6.1611046e+09 | E15: 6.3102787e+09 | F15: 12950544
A16: 1.1.10.05 | B16: Cuenta corriente | C16: 1.6212465e+08 | D16: 6.1611046e+09 | E16: 6.3102787e+09 | F16: 12950544
A17: 1.1.10.05.001 | B17: Cuenta corriente | C17: 1.6212465e+08 | D17: 6.1611046e+09 | E17: 6.3102787e+09 | F17: 12950544
A18: 1.3 | B18: CUENTAS POR COBRAR | C18: 4.8975774e+08 | D18: 1.370796e+10 | E18: 1.3368595e+10 | F18: 8.2912332e+08 | G18: corriente | H18: no corriente
A19: 1.3.11 | B19: CONTRIBUCIONES TASAS E INGRESOS NO TRIBUTARIOS | C19: 1257335716 | D19: 385196880 | E19: 19007886 | F19: 1623524710
A20: 1.3.11.04 | B20: Sanciones | C20: 1257335716 | D20: 385196880 | E20: 19007886 | F20: 1623524710
A21: 1.3.11.04.004 | B21: Disciplinarias | C21: 0 | D21: 12596950 | E21: 9596950 | F21: 3000000
A22: 1.3.11.04.008 | B22: Sanciones | C22: 1257335716 | D22: 372599930 | E22: 9410936 | F22: 1620524710
A23: 1.3.17 | B23: PRESTACIÓN DE SERVICIOS | C23: 0 | D23: 1354780 | E23: 1354780 | F23: 0
A24: 1.3.17.26 | B24: Recreativos, culturales, y deportivos | C24: 0 | D24: 1354780 | E24: 1354780 | F24: 0
A25: 1.3.17.26.001 | B25: Recreativos, culturales, y deportivos | C25: 0 | D25: 1354780 | E25: 1354780 | F25: 0
A26: 1.3.37 | B26: TRANSFERENCIAS POR COBRAR | C26: 1.8809165e+08 | D26: 1.4908583e+08 | E26: 1.399456e+08 | F26: 1.9723188e+08
A27: 1.3.37.02 | B27: Sistema general de regalías | C27: 1.8809165e+08 | D27: 1.4908583e+08 | E27: 1.399456e+08 | F27: 1.9723188e+08
A28: 1.3.37.02.001 | B28: Sistema general de regalías | C28: 1.8809165e+08 | D28: 1.4908583e+08 | E28: 1.399456e+08 | F28: 1.9723188e+08 | G28: regalias
A29: 1.3.84 | B29: OTRAS CUENTAS POR COBRAR | C29: 1.175012e+10 | D29: 8.2675789e+09 | E29: 9.7923129e+09 | F29: 1.0225386e+10 | H29: =+F29-F30-F32 -> 1.002394e+10 | I29: =+[2]Balance!E38 -> 1.002394e+10 | J29: =+H29-I29 -> 0
A30: 1.3.84.16 | B30: Enajenación de activos | C30: 74887862 | D30: 1.1319555e+08 | E30: 723945.23 | F30: 187359469 | G30: CISA
A31: 1.3.84.16.001 | B31: Enajenación de activos | C31: 74887862 | D31: 1.1319555e+08 | E31: 723945.23 | F31: 187359469
A32: 1.3.84.26 | B32: Pago por cuenta de terceros | C32: 77584862 | D32: 216224483 | E32: 279723291 | F32: 14086054 | G32: incapacidades
A33: 1.3.84.26.001 | B33: Pago por cuenta de terceros | C33: 77584862 | D33: 216224483 | E33: 279723291 | F33: 14086054
A34: 1.3.84.27 | B34: Recursos de acreedores reintegrados a tesorerías | C34: 0 | D34: 5427340 | E34: 5427340 | F34: 0
A35: 1.3.84.27.001 | B35: Recursos de acreedores reintegrados a tesorerías | C35: 0 | D35: 5427340 | E35: 5427340 | F35: 0
A36: 1.3.84.35 | B36: Otros intereses de mora | C36: 0 | D36: 559344 | E36: 0 | F36: 559344
A37: 1.3.84.35.001 | B37: Otros intereses de mora | C37: 0 | D37: 559344 | E37: 0 | F37: 559344
A38: 1.3.84.36 | B38: Otros intereses por cobrar | C38: 0 | D38: 112775 | E38: 112775 | F38: 0
A39: 1.3.84.36.001 | B39: Otros intereses por cobrar | C39: 0 | D39: 112775 | E39: 112775 | F39: 0
A40: 1.3.84.39 | B40: Arrendamiento operativo | C40: 8998235 | D40: 496020477 | E40: 505018712 | F40: 0
A41: 1.3.84.39.001 | B41: Arrendamiento operativo | C41: 8998235 | D41: 496020477 | E41: 505018712 | F41: 0
A42: 1.3.84.90 | B42: Otras cuentas por cobrar | C42: 1.1588649e+10 | D42: 7.436039e+09 | E42: 9.0013069e+09 | F42: 1.0023381e+10
A43: 1.3.84.90.001 | B43: Otras cuentas por cobrar | C43: 1.1579775e+10 | D43: 7.436039e+09 | E43: 8.992433e+09 | F43: 1.0023381e+10
A44: 1.3.84.90.002 | B44: Mayores valores pagados | C44: 8873923 | D44: 0 | E44: 8873923 | F44: 0
... A198: 1.9.86.05.001 | B198: Gasto diferido por subvenciones condicionadas | C198: 6317467552 | D198: 44003490754 | E198: 17542973211 | F198: 32777985095
A199: 2 | B199: PASIVOS | C199: 1.2832408e+11 | D199: 4.3436426e+11 | E199: 3.6018303e+11 | F199: 5.4142849e+10 | G199: =+Balance!M9 -> 8.2391021e+09 | H199: =+Balance!M35 -> 4.5903747e+10 | I199: =+G199+H199 -> 5.4142849e+10 | J199: =+F199-I199 -> 0
A200: 2.4 | B200: CUENTAS POR PAGAR | C200: 8.6866139e+10 | D200: 4.1616142e+11 | E200: 3.3629264e+11 | F200: 6.9973605e+09
A201: 2.4.01 | B201: ADQUISICION DE BIENES Y SERVICIOS NACIONALES | C201: 2.6498055e+10 | D201: 3.252383e+11 | E201: 3.0534921e+11 | F201: 6.6089654e+09
A202: 2.4.01.01 | B202: Bienes y servicios | C202: 3727675 | D202: 7.0671756e+09 | E202: 7.4274107e+09 | F202: 3.6396276e+08
A203: 2.4.01.01.001 | B203: Bienes y servicios | C203: 3727675 | D203: 7.0671756e+09 | E203: 7.4274107e+09 | F203: 3.6396276e+08
A204: 2.4.01.02 | B204: Proyectos de inversion | C204: 2.6494327e+10 | D204: 3.1817112e+11 | E204: 2.9792179e+11 | F204: 6.2450027e+09
A205: 2.4.01.02.001 | B205: Proyectos de inversión | C205: 2.6494327e+10 | D205: 3.1817112e+11 | E205: 2.9792179e+11 | F205: 6.2450027e+09
A206: 2.4.03 | B206: TRANSFERENCIAS POR PAGAR | C206: 5.8856575e+10 | D206: 7.8717827e+10 | E206: 1.9861251e+10 | F206: 0
A207: 2.4.03.15 | B207: Otras transferencias | C207: 5.8856575e+10 | D207: 7.8717827e+10 | E207: 1.9861251e+10 | F207: 0
A208: 2.4.03.15.001 | B208: Otras transferencias | C208: 5.8856575e+10 | D208: 7.8717827e+10 | E208: 1.9861251e+10 | F208: 0
A209: 2.4.07 | B209: RECURSOS A FAVOR DE TERCEROS | C209: 6.392151e+08 | D209: 1.8337479e+09 | E209: 1.3501502e+09 | F209: 1.5561734e+08
A210: 2.4.07.06 | B210: Cobro cartera de terceros | C210: 5393663 | D210: 32011967 | E210: 26716604 | F210: 98300
A211: 2.4.07.06.001 | B211: Cobro cartera de terceros | C211: 4269920 | D211: 29651036 | E211: 25479416 | F211: 98300
... A341: 2.7.01.05.001 | B341: Laborales | C341: 8.9449355e+08 | D341: 65869361 | E341: 215361761 | F341: 1.043986e+09
A342: 3 | B342: PATRIMONIO | C342: 3.0720237e+10 | D342: 8.3914792e+10 | E342: 8.6431929e+10 | F342: 3.3237374e+10 | G342: =+Balance!M44 -> 1.7926745e+11 | H342: =+Resultados!H67 -> 1.4603007e+11 | I342: =+G342-H342 -> 3.3237374e+10 | J342: =+F342-I342 -> 0
A343: 3.1 | B343: PATRIMONIO DE LAS ENTIDADES DE GOBIERNO | C343: 3.0720237e+10 | D343: 8.3914792e+10 | E343: 8.6431929e+10 | F343: 3.3237374e+10
A344: 3.1.05 | B344: CAPITAL FISCAL | C344: 1.1244084e+10 | D344: 0 | E344: 0 | F344: 1.1244084e+10
A345: 3.1.05.06 | B345: Capital fiscal | C345: 1.1244084e+10 | D345: 0 | E345: 0 | F345: 1.1244084e+10
A346: 3.1.05.06.001 | B346: Capital fiscal nación | C346: 1.1244084e+10 | D346: 0 | E346: 0 | F346: 1.1244084e+10
A347: 3.1.09 | B347: RESULTADOS DE EJERCICIOS ANTERIORES | C347: 9.9628025e+10 | D347: 8.2257359e+10 | E347: 2.6807966e+09 | F347: 2.0051462e+10
A348: 3.1.09.01 | B348: Utilidad o excedentes acumulados | C348: 9.9628025e+10 | D348: 8.2722289e+08 | E348: 2.5527437e+09 | F348: 1.0135355e+11
A349: 3.1.09.01.001 | B349: Utilidad o excedentes acumulados | C349: 8.7569314e+10 | D349: 1.2805287e+08 | E349: 1.2805287e+08 | F349: 8.7569314e+10
A350: 3.1.09.01.002 | B350: Correción de errores de un periodo contable anterior | C350: 1.2058711e+10 | D350: 6.9917001e+08 | E350: 2.4246908e+09 | F350: 1.3784232e+10
A351: 3.1.09.02 | B351: Pérdidas o déficits acumulados | C351: 0 | D351: 8.1430136e+10 | E351: 1.2805287e+08 | F351: -8.1302083e+10
A352: 3.1.09.02.001 | B352: Pérdidas o déficits acumulados | C352: 0 | D352: 8.1430136e+10 | E352: 1.2805287e+08 | F352: -8.1302083e+10
A353: 3.1.10 | B353: RESULTADO DEL EJERCICIO | C353: -8.1302083e+10 | D353: 2.5610574e+08 | E353: 8.1558189e+10 | F353: 0
A354: 3.1.10.01 | B354: Utilidad o excedente del ejercicio | C354: 0 | D354: 1.2805287e+08 | E354: 1.2805287e+08 | F354: 0
... A580: 8 | B580: CUENTAS DE ORDEN DEUDORAS | C580: 0 | D580: 0 | E580: 0 | F580: 0
A581: 8.1 | B581: ACTIVOS CONTINGENTES | C581: 2.9455746e+09 | D581: 0 | E581: 0 | F581: 2.9455746e+09 | G581: =+Balance!E63 -> 2.9455746e+09 | H581: =+F581-G581 -> 0
A582: 8.1.20 | B582: LITIGIOS Y MECANISMOS ALTERNATIVOS DE SOLUCIÓN DE CONFLICTOS | C582: 2.9455746e+09 | D582: 0 | E582: 0 | F582: 2.9455746e+09
A583: 8.1.20.04 | B583: Administrativas | C583: 2.9455746e+09 | D583: 0 | E583: 0 | F583: 2.9455746e+09
A584: 8.1.20.04.001 | B584: Administrativas | C584: 2.9455746e+09 | D584: 0 | E584: 0 | F584: 2.9455746e+09
A585: 8.3 | B585: DEUDORAS DE CONTROL | C585: 1.1222835e+10 | D585: 0 | E585: 0 | F585: 1.1222835e+10 | G585: =+[2]Balance!E66 -> 1.1222835e+10 | H585: =+F585-G585 -> 0
A586: 8.3.15 | B586: BIENES Y DERECHOS RETIRADOS | C586: 8.9458856e+08 | D586: 0 | E586: 0 | F586: 8.9458856e+08
A587: 8.3.15.10 | B587: Propiedades, planta y equipo | C587: 8.9458856e+08 | D587: 0 | E587: 0 | F587: 8.9458856e+08
A588: 8.3.15.10.001 | B588: Propiedades, planta y equipo | C588: 8.9458856e+08 | D588: 0 | E588: 0 | F588: 8.9458856e+08
A589: 8.3.47 | B589: BIENES ENTREGADOS A TERCEROS | C589: 10315397550 | D589: 0 | E589: 0 | F589: 10315397550
A590: 8.3.47.04 | B590: Propiedades, planta y equipo | C590: 10315397550 | D590: 0 | E590: 0 | F590: 10315397550
A591: 8.3.47.04.001 | B591: Propiedades, planta y equipo | C591: 10315397550 | D591: 0 | E591: 0 | F591: 10315397550
A592: 8.3.61 | B592: RESPONSABILIDADES EN PROCESO | C592: 12849300 | D592: 0 | E592: 0 | F592: 12849300
A593: 8.3.61.02 | B593: Ante autoridad competente | C593: 12849300 | D593: 0 | E593: 0 | F593: 12849300
A594: 8.3.61.02.001 | B594: Ante autoridad competente | C594: 12849300 | D594: 0 | E594: 0 | F594: 12849300
A595: 8.9 | B595: DEUDORAS POR CONTRA (CR) | C595: -1.416841e+10 | D595: 0 | E595: 0 | F595: -1.416841e+10 | G595: =+[2]Balance!E71 -> -1.416841e+10 | H595: =+F595-G595 -> 0
A596: 8.9.05 | B596: ACTIVOS CONTINGENTES POR CONTRA (CR) | C596: -2.9455746e+09 | D596: 0 | E596: 0 | F596: -2.9455746e+09
A597: 8.9.05.06 | B597: Litigios y mecanismos alternativos de solución de conflictos | C597: -2.9455746e+09 | D597: 0 | E597: 0 | F597: -2.9455746e+09
A598: 8.9.05.06.001 | B598: Litigios y mecanismos alternativos de solución de conflictos | C598: -2.9455746e+09 | D598: 0 | E598: 0 | F598: -2.9455746e+09
A599: 8.9.15 | B599: DEUDORAS DE CONTROL POR CONTRA (CR) | C599: -1.1222835e+10 | D599: 0 | E599: 0 | F599: -1.1222835e+10 | G599: =+[2]Balance!E73 -> -1.1222835e+10 | H599: =+F599-G599 -> 0
A600: 8.9.15.02 | B600: Bienes entregados en custodia | C600: -10278797550 | D600: 0 | E600: 0 | F600: -10278797550
A601: 8.9.15.02.001 | B601: Bienes entregados en custodia | C601: -10278797550 | D601: 0 | E601: 0 | F601: -10278797550
A602: 8.9.15.06 | B602: Bienes y derechos retirados | C602: -8.9458856e+08 | D602: 0 | E602: 0 | F602: -8.9458856e+08
A603: 8.9.15.06.001 | B603: Bienes y derechos retirados | C603: -8.9458856e+08 | D603: 0 | E603: 0 | F603: -8.9458856e+08
A604: 8.9.15.18 | B604: Bienes entregados a terceros | C604: -36600000 | D604: 0 | E604: 0 | F604: -36600000
A605: 8.9.15.18.001 | B605: Bienes entregados a terceros | C605: -36600000 | D605: 0 | E605: 0 | F605: -36600000
A606: 8.9.15.21 | B606: Responsabilidades en proceso | C606: -12849300 | D606: 0 | E606: 0 | F606: -12849300
A607: 8.9.15.21.001 | B607: Responsabilidades en proceso | C607: -12849300 | D607: 0 | E607: 0 | F607: -12849300
A608: 9 | B608: CUENTAS DE ORDEN ACREEDORAS | C608: 0 | D608: 96817657 | E608: 96817657 | F608: 0
A609: 9.1 | B609: PASIVOS CONTINGENTES | C609: 1.4108818e+10 | D609: 0 | E609: 96817657 | F609: 1.4205635e+10 | G609: =+[2]Balance!M63 -> 1.4205635e+10 | H609: =+F609-G609 -> 0
...
